 Dungeon Crawl Stone Soup version 0.30-a0-862-g1aabd4f9c5 (webtiles) character file.

Game seed: 4332829408914610839

6036 Corto the Geomancer (level 10, -1/58 HPs)
             Began as a Gargoyle Earth Elementalist on Mar 8, 2023.
             Was a Believer of Vehumet.
             Slain by a six-headed hydra (5 damage)
             ... on level 9 of the Dungeon on Mar 9, 2023.
             The game lasted 00:30:09 (8977 turns).

Corto the Geomancer (Gargoyle Earth Elementalist)   Turns: 8977, Time: 00:30:11

Health: -1/58      AC: 18    Str: 13    XL:     10   Next: 86%
Magic:  16/19      EV: 11    Int: 19    God:    Vehumet [**....]
Gold:   322        SH:  7    Dex: 10    Spells: 13/21 levels left

rFire   . . .      SeeInvis .    y - +2 demon whip (venom)
rCold   . . .      Faith    .    A - +3 buckler
rNeg    + . .      Spirit   .    E - +0 acid dragon scales
rPois   ∞          Reflect  .    q - +0 helmet
rElec   +          Rampage  .    s - +0 cloak
rCorr   +                        l - +0 pair of gloves
Will    .....                    (no boots)
Stlth   +                        z - amulet of regeneration
HPRegen 1.09/turn                (no ring)
MPRegen 0.16/turn                (no ring)

@: brilliant
A: sickness immunity, AC +7, negative energy resistance 1, electricity
resistance, torment resistance 1, petrification resistance
a: Renounce Religion


You were on level 9 of the Dungeon.
You worshipped Vehumet.
Vehumet was pleased with you.
You visited 2 branches of the dungeon, and saw 10 of its levels.
You also visited: Sewer.

You collected 452 gold pieces.
You spent 130 gold pieces at shops.

Inventory:

Hand Weapons
 a - a +5 war axe
 t - a +1 hammer of electrocution
 u - a +2 flail of flaming
 w - a +2 morningstar of draining
 y - a +2 demon whip of venom (weapon)
Armour
 l - a +0 pair of gloves (worn)
 q - a +0 helmet (worn)
 s - a +0 cloak (worn)
 x - +0 steam dragon scales
 A - a +3 buckler (worn)
 E - +0 acid dragon scales (worn)
Jewellery
 z - an amulet of regeneration (around neck)
Wands
 o - a wand of iceblast (2)
 p - a wand of digging (7)
 r - a wand of quicksilver (28)
Scrolls
 c - 4 scrolls of teleportation {@r4}
 g - a scroll of fog
 i - 2 scrolls of enchant armour
 k - 3 scrolls of amnesia
 D - a scroll of brand weapon
Potions
 b - a potion of magic
 d - 8 potions of might
 e - a potion of flight
 f - 2 potions of haste {@q3}
 j - 3 potions of heal wounds {@q2}
 n - 3 potions of attraction {!q}
 v - 4 potions of lignification {!q}
 B - a potion of curing {unknown}
 C - 3 potions of mutation {!q}
 F - 2 potions of invisibility


   Skills:
 + Level 4.6 Fighting
 + Level 4.3 Maces & Flails
 + Level 4.8 Armour
 + Level 4.1 Dodging
 - Level 2.1 Stealth
 - Level 4.0 Shields
 + Level 6.2 Spellcasting
 + Level 6.3 Conjurations
 - Level 0.7 Transmutations
 + Level 4.1 Fire Magic
 + Level 8.6 Earth Magic
 + Level 3.9 Evocations


You had 13 spell levels left.
You knew the following spells:

 Your Spells              Type           Power      Damage    Failure   Level
a - Sandblast             Erth           100%       2d20      1%          1
b - Stone Arrow           Conj/Erth      100%       3d13      2%          3
c - Sticky Flame          Conj/Fire      38%        2d6       24%         4

Your spell library contained the following spells:

 Spells                   Type           Power      Damage    Failure   Level
 Scorch                   Fire           64%        2d8       6%          2
 Passwall                 Tmut/Erth      29%        N/A       4%          2
 Shock                    Conj/Air       100%       1d9       5%          1
 Sting                    Tmut/Pois      40%        1d5       19%         1
 Inner Flame              Hex/Fire       20%        N/A       26%         3
 Poisonous Vapours        Pois/Air       16%        N/A       30%         2
 Petrify                  Tmut/Erth      35%        N/A       30%         4
 Ignite Poison            Fire/Tmut/Pois 17%        N/A       32%         3
 Leda's Liquefaction      Hex/Erth       16%        N/A       34%         4
 Call Canine Familiar     Summ           8%         N/A       52%         3
 Portal Projectile        Hex/Tloc       16%        N/A       52%         3
 Swiftness                Air            8%         N/A       52%         3
 Airstrike                Air            4%         2d(1-17)  90%         4
 Cause Fear               Hex            4%         N/A       90%         4
 Olgreb's Toxic Radiance  Pois           8%         N/A       90%         4
 Summon Forest            Summ/Tloc      4%         N/A       99%         5
 Eringya's Noxious Bog    Tmut/Pois      5%         N/A       100%        6
 Summon Hydra             Summ           4%         N/A       100%        7
 Discord                  Hex            4%         N/A       100%        8
 Ignition                 Fire           16%        3d6       100%        8


Dungeon Overview and Level Annotations

Branches:
Dungeon (9/15)             Temple (1/1) D:5           Sewer (visited)
   Lair: D:8-11         Orc: D:9-12

Altars:
Dithmenos
Elyvilon
Fedhas
Hepliaklqana
Nemelex Xobeh
Qazlal
Trog
Vehumet
Yredelemnul
The Shining One

Shops:
D:4 [


Innate Abilities, Weirdness & Mutations

You are immune to sickness and miasma.
Your stone body is resilient. (AC +7)
You are immune to poison.
You resist negative energy. (rN+)
You are resistant to electric shocks. (rElec)
You are resistant to unholy torment.
You are immune to petrification.


Message History

Confirm with . or Enter, or press ? or * to list all spells.
The blast of sand hits the wyvern!
The wyvern is moderately wounded.
The wyvern bites you. The wyvern bites you!
Casting: Sandblast (safe; 1% risk of failure)
Confirm with . or Enter, or press ? or * to list all spells.
The blast of sand hits the wyvern but does no damage.
The wyvern is moderately wounded.
The wyvern bites you! The wyvern misses you.
Casting: Sandblast (safe; 1% risk of failure)
Confirm with . or Enter, or press ? or * to list all spells.
The blast of sand hits the wyvern!!
The wyvern is almost dead.
The wyvern bites you. The wyvern barely misses you.
Casting: Sandblast (safe; 1% risk of failure)
Confirm with . or Enter, or press ? or * to list all spells.
The blast of sand hits the wyvern!
You kill the wyvern!
Vehumet accepts your kill.
You feel your power returning.
The six-headed hydra barely misses you. x2
The six-headed hydra bites you.
The six-headed hydra bites you but does no damage.
The six-headed hydra bites you.
The six-headed hydra closely misses you.
Casting: Sandblast (safe; 1% risk of failure)
Confirm with . or Enter, or press ? or * to list all spells.
The blast of sand hits the six-headed hydra!!
The six-headed hydra is moderately wounded.
The six-headed hydra bites you. The six-headed hydra bites you! x2
* * * LOW HITPOINT WARNING * * *
The six-headed hydra misses you. The six-headed hydra bites you!
* * * LOW HITPOINT WARNING * * *
You block the six-headed hydra's attack.
You feel clever all of a sudden.
You block the six-headed hydra's attack.
The six-headed hydra bites you but does no damage.
The six-headed hydra completely misses you.
The six-headed hydra bites you but does no damage.
The six-headed hydra barely misses you. The six-headed hydra bites you.
You die... ••••████████████•••••⌂••••••█ ••••█•••••••••••••••••••••••█ ••••█••••••••••••(•••••••••)▲ ••••█•••█████████•••••••••••█ ••••█•••█•••••••█•••••••••••█ ••••∆•••█•••••••█•••••••••••███████ ••••█•••∆•••••••█•••••••••••••••••• ••••█•••█████∆███••••████████•••••< ••••█•••••••••••D@•••█ █•••••• ••••████∆████∆∆███████ █•••••• ••••••••••••••••l••••• █•••••• •••••••••••••••••••••• █████▲█ •••••••••••••••••••••• •••••••••••••••••D••• ••••••••••••••••••███ •••••••••••)••••••█ ••••••••••••••••••█

You could see a six-headed hydra.

Vanquished Creatures
  A two-headed ogre (D:8)
  Amaemon (D:7)
  An orange demon (D:7)
  Maggie (D:6)
  A hornet (D:8)
  Sigmund (D:5)
  A wyvern (D:9)
  A vampire (D:7)
  A steam dragon (D:6)
  An acid dragon (D:8)
  2 water moccasins
  2 orc warriors
  A black bear (D:4)
  2 ice beasts
  An ogre (D:6)
  A phantom (D:5)
  2 centaurs
  6 bullfrogs
  5 scorpions
  14 wights (D:7)
  3 howler monkeys (D:7)
  An electric eel (D:7)
  4 hounds
  2 jellies (D:6)
  3 orc priests
  Crazy Yiuf (D:2)
  A gnoll bouda (D:7)
  Terence (D:3)
  2 iguanas
  3 orc wizards
  Robin (D:2)
  8 gnolls
  16 adders
  2 river rats (Sewer)
  A shadow imp (D:6)
  3 white imps
  An ufetubus (D:5)
  A worm (D:4)
  A dart slug (D:4)
  24 orcs
  11 ball pythons
  2 bats
  6 endoplasms
  6 giant cockroaches
  20 goblins
  4 hobgoblins (D:2)
  5 jackals
  6 kobolds
  9 frilled lizards
  17 rats
211 creatures vanquished.

Vanquished Creatures (others)
  43 plants (D:7)
43 creatures vanquished.

Grand Total: 254 creatures vanquished

Notes
Turn   | Place    | Note
-------+----------+-------------------------------------------
     0 | D:1      | Corto the Gargoyle Earth Elementalist began the quest for
                  | the Orb.
     0 | D:1      | Reached XP level 1. HP: 10/10 MP: 3/3
   245 | D:1      | Reached XP level 2. HP: 15/15 MP: 1/5
   247 | D:1      | Reached skill level 4 in Earth Magic
   394 | D:1      | Found a faded altar of an unknown god.
   398 | D:1      | Got Plato's Octavo of Power
   911 | D:2      | Found a runed translucent door.
   912 | D:2      | Noticed Crazy Yiuf
  1154 | D:2      | Reached XP level 3. HP: 18/19 MP: 2/7
  1166 | D:2      | Learned a level 3 spell: Stone Arrow
  1348 | D:2      | Reached XP level 4. HP: 23/24 MP: 2/8
  1572 | D:2      | Noticed Robin
  1577 | D:2      | Killed Robin
  1578 | D:2      | Reached skill level 1 in Conjurations
  1806 | D:2      | Killed Crazy Yiuf
  1807 | D:2      | Reached skill level 5 in Earth Magic
  1887 | D:3      | Reached XP level 5. HP: 28/28 MP: 7/10
  2320 | D:3      | Noticed Terence
  2328 | D:3      | Killed Terence
  2911 | D:4      | Reached XP level 6. HP: 29/32 MP: 5/11
  3043 | D:4      | Found a blossoming altar of Fedhas.
  3063 | D:4      | Found Xamm's Antique Armour Shop.
  3075 | D:4      | Bought a buckler for 130 gold pieces
  3111 | D:4      | Noticed a black bear
  3116 | D:4      | Killed a black bear
  3117 | D:4      | Reached skill level 6 in Earth Magic
  3570 | D:5      | Entered Level 5 of the Dungeon
  3601 | D:5      | Found a staircase to the Ecumenical Temple.
  3724 | D:5      | Reached XP level 7. HP: 29/36 MP: 9/13
  3773 | D:5      | Noticed Sigmund
  3780 | D:5      | Killed Sigmund
  3786 | D:5      | Found a glowing drain.
  3815 | Sewer    | Entered a sewer
  3945 | Sewer    | Reached skill level 1 in Fighting
  4102 | Sewer    | Reached skill level 1 in Armour
  4160 | Sewer    | Reached skill level 1 in Evocations
  4384 | Sewer    | Reached skill level 1 in Maces & Flails
  4566 | D:5      | Found a shadowy altar of Dithmenos.
  4579 | Temple   | Entered the Ecumenical Temple
  4588 | Temple   | Became a worshipper of Vehumet
  4610 | Temple   | Identified a scroll of acquirement
  4610 | Temple   | Acquired an Everburning Encyclopedia
  4622 | Temple   | Learned a level 4 spell: Sticky Flame
  4680 | D:5      | Reached XP level 8. HP: 35/43 MP: 3/15
  5674 | D:6      | Reached skill level 1 in Fire Magic
  5708 | D:6      | Reached skill level 1 in Shields
  5708 | D:6      | Reached skill level 7 in Earth Magic
  5802 | D:6      | Reached skill level 5 in Spellcasting
  6057 | D:6      | Reached * piety under Vehumet
  6057 | D:6      | Offered knowledge of Kiss of Death by Vehumet.
  6212 | D:6      | Reached XP level 9. HP: 49/49 MP: 12/16
  6307 | D:6      | Noticed Maggie
  6316 | D:6      | Killed Maggie
  6317 | D:6      | Reached skill level 5 in Conjurations
  6799 | D:7      | Found a basalt altar of Yredelemnul.
  7504 | D:7      | Reached ** piety under Vehumet
  7505 | D:7      | Reached XP level 10. HP: 47/56 MP: 11/18
  7565 | D:7      | Offered knowledge of Scorch by Vehumet.
  7615 | D:7      | Reached skill level 8 in Earth Magic
  7632 | D:7      | Found a bloodstained altar of Trog.
  8041 | D:7      | Upgraded the game from 0.30-a0-860-g512cf1e979 to
                  | 0.30-a0-862-g1aabd4f9c5
  8043 | D:8      | Noticed Amaemon
  8043 | D:8      | Noticed an orange demon
  8052 | D:7      | Killed an orange demon
  8162 | D:7      | Killed Amaemon
  8468 | D:8      | Noticed a two-headed ogre
  8471 | D:8      | Killed a two-headed ogre
  8916 | D:9      | Found a glowing golden altar of the Shining One.
  8916 | D:9      | Found a hazy altar of Hepliaklqana.
  8917 | D:9      | Found a sparkling altar of Nemelex Xobeh.
  8967 | D:9      | Noticed a six-headed hydra
  8977 | D:9      | Slain by a six-headed hydra

Illustrated notes

Levels and vault maps discovered:
D:1:      zaba_arrival_water, layout_loops_ring,
          shapermc_ecumenical_altar_rom_forum, chequers_serial_rivers_micro_d,
          minmay_box_of_dots
D:2:      layout_basic, uniq_crazy_yiuf_cottage, uniq_robin
D:3:      layout_basic, nicolae_eternal_life, uniq_terence
D:4:      minmay_wonky_spiral, layout_rooms, old_standard_altar, serial_shops,
          shop
D:5:      layout_basic, lemuel_doored_altar, minmay_temple_entry_glass,
          gup_sewer_entry_glass, uniq_sigmund
D:6:      layout_loops_ring, chequers_serial_rivers_room_a,
          minmay_ogre_servants, uniq_maggie
D:7:      layout_basic, yredelemnul_altar_generic, serial_bayou_lagoon_a,
          minmay_ruined_shrine
D:8:      layout_basic, uniq_amaemon
D:9:      layout_irregular_city, chequers_temple_overflow_statue_of_worship,
          dpeg_lair_monsters, uniq_erica, uniq_psyche
Temple:   nicolae_temple_elliptical

Skill      XL: |  1  2  3  4  5  6  7  8  9 10 |
---------------+-------------------------------+-----
Earth Magic    | 4 5 6 7 8 |  8.6
Spellcasting   | 3 4 5 6 |  6.2
Conjurations   | 1 2 3 4 5 6 |  6.3
Fighting       | 1 2 3 4 |  4.6
Armour         | 1 2 3 4 |  4.8
Dodging        | 2 3 4 |  4.1
Evocations     | 1 2 3 |  3.9
Maces & Flails | 1 2 3 4 |  4.3
Fire Magic     | 1 3 4 |  4.1
Shields        | 1 3 4 |  4.0
Stealth        | |  2.1
Transmutations | |  0.7

Action                     |  1- 3 |  4- 6 |  7- 9 | 10-12 || total
---------------------------+-------+-------+-------+-------++-------
  Melee: Spear             |     4 |       |       |       ||     4
         Mace              |       |       |     1 |       ||     1
         Flail             |       |       |       |     4 ||     4
         Demon whip        |       |       |       |     2 ||     2
   Cast: Sandblast         |    37 |    81 |   243 |    84 ||   445
         Stone Arrow       |       |       |     3 |       ||     3
    Use: Scroll            |       |     8 |    16 |     3 ||    27
         Potion            |       |       |       |     1 ||     1
 Armour: Robe              |    13 |    10 |    44 |       ||    67
         Steam dragon scal |       |       |    16 |    22 ||    38
         Acid dragon scale |       |       |       |    14 ||    14
  Dodge: Dodged            |    15 |    14 |    67 |    49 ||   145
  Block: Buckler           |       |       |    36 |    24 ||    60

Table legend: (Time is in decaauts)
 A = Elapsed time spent in this place.
 B = Non-inter-level travel time spent in this place.
 C = Inter-level travel time spent in this place.
 D = Time resting spent in this place.
 E = Time spent auto-exploring this place.
 F = Levels seen in this place.
 G = Mean time per level.
                   A        B        C        D        E       F      G
               +--------+--------+--------+--------+--------+-----+--------+
         Total |   9269 |   8669 |    600 |    454 |   6521 |  11 |  842.6 |
       Dungeon |   8476 |   7876 |    600 |    357 |   6062 |   9 |  941.8 |
        Temple |     71 |     71 |      0 |     14 |      0 |   1 |   71.0 |
         Sewer |    721 |    721 |      0 |     83 |    459 |   1 |  721.0 |
               +--------+--------+--------+--------+--------+-----+--------+

Top non-repeatable levels by time:
     D:7: 1458 daAuts
     D:5: 1150 daAuts
     D:6: 1138 daAuts
     D:4: 1131 daAuts
     D:2: 987 daAuts
     D:1: 928 daAuts
     D:3: 850 daAuts
     D:8: 759 daAuts
   Sewer: 721 daAuts
     D:9: 73 daAuts
  Temple: 71 daAuts
